 Dungeon Crawl Stone Soup version 0.29.0 (webtiles) character file.

Game seed: 1916711360137010690

8585 LynnLen the Jinx (level 11, -8/65 HPs)
             Began as a Vampire Enchanter on Aug 25, 2022.
             Was a Believer of Nemelex Xobeh.
             Mangled by a black mamba (12 damage)
             ... on level 2 of the Lair of Beasts.
             The game lasted 00:52:11 (13340 turns).

LynnLen the Jinx (Vampire Enchanter)               Turns: 13340, Time: 00:52:11

Health: -8/65      AC:  9    Str:  7    XL:     11   Next: 11%
Magic:  19/22      EV: 12    Int: 22    God:    Nemelex Xobeh [**....]
Gold:   108        SH:  4    Dex: 15    Spells: 7/25 levels left

rFire   . . .      SeeInvis +   p - +4 dagger (protect)
rCold   + + .      Faith    .   J - +1 buckler
rNeg    + + +      Spirit   .   b - +2 robe
rPois   ∞          Reflect  .   k - +2 helmet
rElec   .          Harm     .   l - +1 cloak
rCorr   .          Rampage  .   (no gloves)
Will    +....                   (no boots)
Stlth   ++++++....              j - amulet of regeneration
HPRegen 0.00/turn               q - ring of wizardry
MPRegen 0.18/turn               (no ring)

@: bloodless, inhibited regen
A: bloodless, fangs 3, see invisible, vampiric 2
a: Bat Form, Revivify, Renounce Religion, Draw Escape, Draw Destruction, Draw
Summoning


You were on level 2 of the Lair of Beasts.
You worshipped Nemelex Xobeh.
Nemelex Xobeh was pleased with you.
You visited 2 branches of the dungeon, and saw 10 of its levels.

You collected 433 gold pieces.
You spent 325 gold pieces at shops.

Inventory:

Hand Weapons
 a - a +1 dagger
 f - a +0 sling
 p - a +4 dagger of protection (weapon)
Missiles
 r - 15 poisoned darts
 t - 6 datura-tipped darts
 I - a throwing net
Armour
 b - a +2 robe (worn)
 k - a +2 helmet (worn)
 l - a +1 cloak (worn)
 J - a +1 buckler (worn)
Jewellery
 j - an amulet of regeneration (around neck)
 q - a ring of wizardry (left hand)
 w - a ring of willpower
 x - an amulet of guardian spirit
Wands
 c - a wand of roots (12)
 o - a wand of mindburst (11)
 B - a wand of polymorph (21)
 G - a wand of charming (18)
Scrolls
 d - a scroll of poison {unknown}
 e - 4 scrolls of teleportation
 h - a scroll of brand weapon {unknown}
 i - a scroll of fear
 s - 2 scrolls of amnesia {unknown}
 u - 2 scrolls of fog {unknown}
 y - a scroll of immolation {unknown}
 C - a scroll of vulnerability {unknown}
 D - a scroll of silence {unknown}
 F - 3 scrolls of magic mapping {unknown}
Potions
 g - 2 potions of resistance
 m - a potion of curing
 n - a potion of brilliance
 v - 2 potions of mutation
 z - a potion of flight {unknown}
 A - 3 potions of attraction


   Skills:
 + Level 6.3 Fighting
 - Level 1.1 Short Blades
 - Level 2.1 Dodging
 + Level 8.0 Stealth
 + Level 7.6 Spellcasting
 - Level 3.9 Conjurations
 + Level 12.2 Hexes
 - Level 4.0 Summonings
 - Level 3.0 Ice Magic
 + Level 2.8 Air Magic
 + Level 5.4 Invocations


You had 7 spell levels left.
You knew the following spells:

 Your Spells              Type           Power      Damage    Failure   Level
a - Ensorcelled Hibernat  Hex/Ice        82%        N/A       1%          2
b - Confusing Touch       Hex            58%        N/A       1%          3
c - Tukima's Dance        Hex            58%        N/A       1%          3
d - Slow                  Hex            100%       N/A       1%          1
e - Dazzling Flash        Conj/Hex       86%        N/A       1%          3
f - Summon Guardian Gole  Hex/Summ       44%        N/A       1%          3
g - Swiftness             Air            20%        N/A       4%          3

Your spell library contained the following spells:

 Spells                   Type           Power      Damage    Failure   Level
 Summon Small Mammal      Summ           100%       N/A       1%          1
 Call Canine Familiar     Summ           26%        N/A       2%          3
 Anguish                  Hex/Necr       17%        N/A       3%          4
 Apportation              Tloc           16%        N/A       4%          1
 Necrotise                Necr           32%        1d5       4%          1
 Passwall                 Tmut/Erth      6%         N/A       6%          2
 Sublimation of Blood     Necr           8%         N/A       6%          2
 Wereblood                Tmut           8%         N/A       6%          2
 Spider Form              Tmut/Pois      8%         N/A       13%         3
 Vampiric Draining        Necr           8%         2d6       13%         3
 Animate Dead             Necr           8%         N/A       38%         4
 Alistair's Intoxication  Tmut/Pois      5%         N/A       71%         5
 Summon Hydra             Summ           13%        N/A       99%         7
 Haunt                    Necr/Summ      8%         N/A       100%        7
 Infestation              Necr           4%         N/A       100%        8


Dungeon Overview and Level Annotations

Branches:
Dungeon (8/15)             Temple (0/1) D:5            Lair (2/5) D:8
  Swamp: Lair:2-3    Shoals: Lair:2-3     Snake: Lair:2-3    Spider: Lair:2-3

Altars:
Dithmenos
Hepliaklqana
Nemelex Xobeh
Ru
Uskayaw
Wu Jian
Xom

Shops:
D:2 ?   D:4 *   D:6 :


Innate Abilities, Weirdness & Mutations

You do not regenerate when monsters are visible.
You are frail without blood (-20% HP).
You can heal yourself when you bite living creatures.
You are immune to poison.
You have razor-sharp teeth.
You have supernaturally acute eyesight. (SInv)
You are afflicted with vampirism and can become a bat while bloodless.


Message History

A cane toad comes into view.
Found an encrusted ruby ring.
The helpless black mamba fails to defend itself.
You bite the black mamba, and draw its blood!
You impale the black mamba!!
Your weapon exudes an aura of protection.
The black mamba is almost dead.
The black mamba bites you but does no damage.
The black mamba barely misses you.
You hit the black mamba but do no damage.
The black mamba is almost dead.
The black mamba bites you.
The black mamba bites you but does no damage.
You hit the black mamba. Your bite misses the black mamba.
The black mamba is almost dead.
The cane toad croaks.
You hear an angry hiss.
The black mamba closely misses you. The black mamba barely misses you.
A water moccasin comes into view.
You hit the black mamba but do no damage.
The black mamba is almost dead.
The black mamba misses you.
The black mamba bites you but does no damage.
The black mamba bites you!
The black mamba attacks as you move away!
The black mamba completely misses you. The black mamba bites you.
There are monsters nearby!
Casting: Dazzling Flash (safe; 1% risk of failure)
Press: ? - help, Q - select action, (/) - cycle Dir - look around, f - activate The cane toad is dazzled.
The black mamba is dazzled.
The black mamba misses you. The cane toad stings you!!
The black mamba bites you!
* * * LOW HITPOINT WARNING * * *
The cane toad stings you!
* * * LOW HITPOINT WARNING * * *
The black mamba closely misses you. The black mamba bites you.
* * * LOW HITPOINT WARNING * * *
The black mamba is no longer blind.
The black mamba bites you!
You die...
Your body glows with a rainbow of weird colours and disappears.

#. ## #.# ##.#
##.############# ######
#.#.###P..#.P##.#.P#.####P.#..
...=..........................
..............................
..............................
..............................
....[......SS@................
...........F..................
..............................
......>.......................
##.####.#####.##...##.....####
# ### ###############


You could see a black mamba, a cane toad (blind) and a water moccasin.

Vanquished Creatures
  2 cane toads
  3 komodo dragons
  A troll (D:7)
  A hornet (D:6)
  Sigmund (D:2)
  10 yaks
  2 wyverns
  A vampire mosquito (D:7)
  6 water moccasins
  Duvessa (D:4)
  2 black bears
  2 ice beasts (D:7)
  2 sky beasts (D:7)
  A wolf (Lair:1)
  An ogre (D:7)
  2 centaurs
  A phantom (D:4)
  3 bullfrogs
  5 necrophages
  A gnoll sergeant (D:6)
  4 scorpions
  Dowan (D:4)
  10 killer bees
  3 howler monkeys
  2 jellies
  7 hounds
  2 gnoll boudas (D:7)
  2 orc priests
  Jessica (D:2)
  Terence (D:3)
  5 iguanas
  6 orc wizards
  5 gnolls
  7 adders
  4 shadow imps
  A white imp (D:7)
  A dart slug (D:5)
  19 orcs
  3 endoplasms
  2 giant cockroaches
  3 goblins
  7 hobgoblins
  7 kobolds
  3 quokkas
  5 ball pythons
  2 bats
  A frilled lizard (D:3)
  20 rats (D:3)
182 creatures vanquished.

Vanquished Creatures (collateral kills)
  2 gnolls (D:6)
  4 orcs
  A kobold (D:4)
7 creatures vanquished.

Vanquished Creatures (others)
  3 dancing weapons
  A polar bear (Lair:1)
  3 yaks
  Grum (Lair:1)
  2 wolves (Lair:1)
  11 fungi
  56 plants
77 creatures vanquished.

Grand Total: 266 creatures vanquished

Notes
Turn   | Place    | Note
-------+----------+-------------------------------------------
     0 | D:1      | LynnLen the Vampire Enchanter began the quest for the Orb.
     0 | D:1      | Reached XP level 1. HP: 13/13 MP: 3/3
   487 | D:1      | Reached XP level 2. HP: 17/19 MP: 5/5
   492 | D:1      | Learned a level 2 spell: Ensorcelled Hibernation
   748 | D:1      | Reached skill level 5 in Hexes
   915 | D:2      | Found Meirch Hiqe's Magic Scroll Boutique.
   984 | D:2      | Noticed Sigmund
  1035 | D:2      | Killed Sigmund
  1036 | D:2      | Reached skill level 6 in Hexes
  1036 | D:2      | Gained mutation: You are afflicted with vampirism and can
                  | become a bat while bloodless. [Vampire growth]
  1036 | D:2      | Reached XP level 3. HP: 19/24 MP: 1/8
  1036 | D:2      | Reached XP level 4. HP: 24/30 MP: 1/9
  1036 | D:2      | Reached XP level 5. HP: 28/35 MP: 1/10
  1113 | D:2      | Learned a level 3 spell: Confusing Touch
  1117 | D:2      | Learned a level 3 spell: Tukima's Dance
  1146 | D:2      | Noticed Jessica
  1157 | D:2      | Killed Jessica
  1158 | D:2      | Reached skill level 7 in Hexes
  1613 | D:2      | Learned a level 1 spell: Slow
  1617 | D:2      | Learned a level 3 spell: Dazzling Flash
  1641 | D:2      | Bought a scroll of identify for 20 gold pieces
  1641 | D:2      | Bought a scroll of identify for 20 gold pieces
  1813 | D:3      | Reached skill level 1 in Fighting
  1911 | D:3      | Noticed Terence
  1917 | D:3      | Killed Terence
  1918 | D:3      | Reached XP level 6. HP: 31/34 MP: 9/12
  2537 | D:4      | Found Konkyate's Gadget Gallery.
  2871 | D:4      | Reached skill level 1 in Ice Magic
  3091 | D:4      | Reached skill level 1 in Conjurations
  3395 | D:4      | Reached XP level 7. HP: 24/40 MP: 5/13
  3587 | D:4      | Noticed Dowan
  4185 | D:4      | Noticed Duvessa
  4220 | D:4      | Killed Dowan
  4221 | D:4      | Reached skill level 8 in Hexes
  4226 | D:4      | Killed Duvessa
  4424 | D:5      | Entered Level 5 of the Dungeon
  4681 | D:5      | Reached skill level 5 in Spellcasting
  4709 | D:5      | Found a sparkling altar of Nemelex Xobeh.
  4710 | D:5      | Found an ornate altar of the Wu Jian Council.
  4721 | D:5      | Found a hazy altar of Hepliaklqana.
  4730 | D:5      | Found a hide-covered altar of Uskayaw.
  4748 | D:5      | Became a worshipper of Nemelex Xobeh the Trickster
  4770 | D:5      | Reached XP level 8. HP: 40/45 MP: 15/15
  4962 | D:5      | Found a shimmering altar of Xom.
  5066 | D:5      | Found a staircase to the Ecumenical Temple.
  5321 | D:5      | Reached skill level 9 in Hexes
  5488 | D:5      | Learned a level 3 spell: Summon Guardian Golem
  5554 | D:2      | Bought a scroll of enchant weapon for 75 gold pieces
  5554 | D:2      | Bought a scroll of enchant weapon for 75 gold pieces
  5684 | D:6      | Found Loaba's Book Emporium.
  5697 | D:6      | Reached skill level 1 in Invocations
  5885 | D:6      | Reached skill level 1 in Summonings
  5970 | D:6      | Reached * piety under Nemelex Xobeh
  6452 | D:6      | Found a sacrificial altar of Ru.
  6457 | D:6      | Found a shadowy altar of Dithmenos.
  6464 | D:6      | Noticed a hornet
  6555 | D:6      | Killed a hornet
  6797 | D:2      | Bought a scroll of teleportation for 30 gold pieces
  6797 | D:2      | Bought a scroll of teleportation for 30 gold pieces
  7129 | D:7      | Reached XP level 9. HP: 45/52 MP: 11/17
  7337 | D:7      | Reached skill level 10 in Hexes
  7359 | D:7      | Noticed an eight-headed hydra
  7715 | D:8      | Received a gift from Nemelex Xobeh
  7715 | D:8      | Found a staircase to the Lair.
  8644 | D:8      | Reached skill level 5 in Fighting
  9004 | D:7      | Reached XP level 10. HP: 57/59 MP: 19/19
  9148 | D:7      | Reached skill level 11 in Hexes
  9196 | D:7      | Reached skill level 5 in Stealth
  9669 | D:7      | Learned a level 3 spell: Swiftness
 10211 | D:2      | Bought a scroll of enchant armour for 75 gold pieces
 10448 | Lair:1   | Entered Level 1 of the Lair of Beasts
 10448 | Lair:1   | Noticed Grum
 10889 | Lair:1   | Reached ** piety under Nemelex Xobeh
 11258 | Lair:1   | Reached skill level 1 in Air Magic
 11634 | Lair:1   | Killed Grum
 12110 | Lair:1   | Noticed a cane toad
 12123 | Lair:1   | Killed a cane toad
 12124 | Lair:1   | Reached skill level 5 in Invocations
 12296 | Lair:1   | Reached skill level 12 in Hexes
 12951 | Lair:2   | Noticed a cane toad
 12963 | Lair:2   | Killed a cane toad
 12964 | Lair:2   | Reached XP level 11. HP: 64/64 MP: 17/22
 13340 | Lair:2   | Mangled by a black mamba

Illustrated notes

Levels and vault maps discovered:
D:1:      giann_horns, layout_loops_ring
D:2:      layout_loops_ring, serial_shops, shop, uniq_sigmund, uniq_jessica
D:3:      layout_basic, minmay_rat_hole, uniq_terence
D:4:      layout_layer_cave, hangedman_glass_teeth, nicolae_shop_gadgets,
          uniq_duvessa
D:5:      layout_cave_pods, xom_butterflies, grunt_temple_overflow_cloverleaf,
          minmay_temple_entry_mist, grunt_ministairs_3
D:6:      layout_rooms, mainiacjoe_overflow_big_doors, grunt_ministairs_2,
          nicolae_stop_n_shop_2
D:7:      nzn_winding_woodlands_cross [nzn_winding_woodlands_5x15_sawtooth,
          nzn_winding_woodlands_5x15_eye, nzn_winding_woodlands_5x15_parted,
          nzn_winding_woodlands_5x15_garden,
          nzn_winding_woodlands_15x15_five_gardens], layout_loops_ring
D:8:      layout_basic, dpeg_oklobed_lair
Lair:1:   layout_cave_pods, serial_bayou_shore_b, uniq_grum
Lair:2:   layout_big_grid, dummy_spider_entry, grunt_megastairs_1, uniq_erica,
          uniq_amaemon, uniq_fannar

Skill      XL: |  1  2  3  4  5  6  7  8  9 10 11 |
---------------+----------------------------------+-----
Hexes          | 6 7 8 9 10 12 | 12.2
Spellcasting   | 3 4 5 6 7 |  7.6
Fighting       | 1 2 4 5 6 |  6.3
Ice Magic      | 1 2 3 |  3.0
Conjurations   | 1 2 3 |  3.9
Invocations    | 2 3 5 |  5.4
Summonings     | 2 4 |  4.0
Stealth        | 7 8 |  8.0
Air Magic      | 2 |  2.8
Short Blades   | |  1.1
Dodging        | |  2.1

Action                   |  1- 3 |  4- 6 |  7- 9 | 10-12 || total
-------------------------+-------+-------+-------+-------++-------
Melee: Dagger            |    46 |   124 |   371 |   244 ||   785
       Bite              |     1 |    19 |    47 |    32 ||    99
       Punch             |     1 |     1 |       |       ||     2
Throw: Dart              |       |       |       |     3 ||     3
 Cast: Ensorcelled Hiber |     5 |     8 |    59 |    40 ||   112
       Confusing Touch   |       |     1 |    16 |    12 ||    29
       Tukima's Dance    |       |     1 |    12 |     2 ||    15
       Summon Guardian G |       |       |     2 |     6 ||     8
       Dazzling Flash    |       |       |     2 |     5 ||     7
       Slow              |       |       |       |     7 ||     7
 Abil: Exsanguinate      |       |     1 |       |       ||     1
  Use: Potion            |     2 |       |     9 |     1 ||    12
       Scroll            |       |     5 |     8 |    10 ||    23
 Stab: Sleeping          |     6 |    25 |    43 |    24 ||    98
       Invisible         |     1 |       |       |     3 ||     4
       Confused          |       |     1 |     7 |    10 ||    18
       Distracted        |       |     1 |     1 |     1 ||     3
Armor: Robe              |     3 |    40 |   127 |    88 ||   258
Dodge: Dodged            |    20 |    53 |   222 |   151 ||   446
Block: Buckler           |       |     4 |    41 |    29 ||    74
